 Dungeon Crawl Stone Soup version 0.30-a0-824-g6c64550be9 (webtiles) character file.

Game seed: 2941521625837902975

93 Wobber the Magician (level 4, -22/35 HPs)
             Began as a Demigod Wanderer on Feb 27, 2023.
             Annihilated by an ogre
             ... wielding a +0 giant club
              (25 damage)
             ... on level 3 of the Dungeon.
             The game lasted 00:08:48 (2233 turns).

Wobber the Magician (Demigod Wanderer)              Turns: 2233, Time: 00:08:49

Health: -22/35     AC:  4    Str: 18    XL:     4   Next: 15%
Magic:  13/13      EV: 11    Int: 13    God:
Gold:   192        SH:  0    Dex: 13    Spells: 10/11 levels left

rFire   . . .      SeeInvis .    b - +0 whip
rCold   . . .      Faith    .    (no shield)
rNeg    . . .      Spirit   .    o - +0 leather armour
rPois   .          Reflect  .    (no helmet)
rElec   .          Harm     .    n - +0 cloak
rCorr   .          Rampage  .    (no gloves)
Will    .....                    (no boots)
Stlth   +                        (no amulet)
HPRegen 0.25/turn                (no ring)
MPRegen 0.13/turn                (no ring)

@: no status effects
A: high MP 1, forlorn, divine attributes
a: no special abilities


You were on level 3 of the Dungeon.
You visited 1 branch of the dungeon, and saw 3 of its levels.

You collected 192 gold pieces.

Inventory:

Hand Weapons
 a - a +0 sling
 b - a +0 whip (weapon)
Missiles
 f - 46 stones
Armour
 c - a +0 scale mail
 n - a +0 cloak (worn)
 o - a +0 leather armour (worn)
 q - a +0 pair of boots
Magical Staves
 m - a staff of fire
Wands
 u - a wand of polymorph (14)
Scrolls
 d - a scroll of immolation {unknown}
 e - 2 scrolls of teleportation
 g - a scroll of enchant weapon {unknown}
 h - a scroll of blinking {unknown}
 i - a scroll of fear {unknown}
 l - a scroll of poison {unknown}
 p - a scroll of brand weapon {unknown}
Potions
 j - 2 potions of curing {unknown}
 k - a potion of might {unknown}
 r - a potion of haste {unknown}
 s - a potion of degeneration {unknown}
 t - a potion of mutation {unknown}


   Skills:
 + Level 1.3 Fighting
 + Level 2.4 Armour
 + Level 1.4 Dodging
 + Level 4.0 Spellcasting
 + Level 1.8 Ice Magic
 - Level 2.7 Air Magic


You had 10 spell levels left.
You knew the following spells:

 Your Spells              Type           Power      Damage    Failure   Level
a - Freeze                Ice            28%        1d5       12%         1

Your spell library contained the following spells:

 Spells                   Type           Power      Damage    Failure   Level
 Shock                    Conj/Air       24%        1d4       14%         1
 Static Discharge         Conj/Air       12%        2-3/arc   22%         2
 Swiftness                Air            9%         N/A       24%         3
 Frozen Ramparts          Ice            14%        1d3       34%         3
 Lesser Beckoning         Tloc           4%         N/A       36%         2
 Gell's Gravitas          Tloc           2%         N/A       58%         3
 Teleport Other           Tloc           2%         N/A       58%         3


Dungeon Overview and Level Annotations

Branches:
Dungeon (3/15)


Innate Abilities, Weirdness & Mutations

You have an increased reservoir of magic. (+10% MP)
You shall have no god before yourself.
Your divine heritage dramatically boosts your attributes as you level up.


Message History

There is an open door here.
There is an open door here.
You see here a bat corpse.
Found a snail-covered altar of Cheibriados.
Found a club.
You now have 173 gold pieces (gained 15).
You now have 192 gold pieces (gained 19).
Found a spear.
You see here a +0 spear.
An ogre comes into view. It is wielding a +0 giant club.
The ogre shouts!
You see here a pink potion.
a - a +0 sling (weapon)
You shoot a sling bullet. The sling bullet hits the ogre.
The ogre is lightly wounded.
You shoot a sling bullet. The sling bullet hits the ogre.
The ogre is lightly wounded.
You shoot a sling bullet. The sling bullet hits the ogre.
The ogre is moderately wounded.
The ogre attacks as you move away!
The ogre hits you with a +0 giant club!!
Ouch! That really hurt!
b - a +0 whip (weapon)
You whack the ogre!
The ogre is heavily wounded.
The ogre closely misses you.
You hit the ogre.
The ogre is severely wounded.
You hit the ogre but do no damage.
The ogre is severely wounded.
The ogre barely misses you.
You hit the ogre but do no damage.
The ogre is severely wounded.
The ogre hits you with a +0 giant club!
* * * LOW HITPOINT WARNING * * *
You hit the ogre.
The ogre is almost dead.
The ogre hits you with a +0 giant club!!
Ouch! That really hurt!
You die...

#............#...##.
#########
######..#........# .
......... #..#..#####.#.#
########.
#.....#####.#.## ....#.
#............... ......
#............... ......
#............... ....[..
##.............. .......
#.....)@....... ........
#.....!O................
...............<.........
.........................
.........................
#........................
#........................
##.......................
#.......................


You could see an ogre.

Vanquished Creatures
  Ijyb (D:3)
  An adder (D:2)
  5 bats
  4 endoplasms
  A giant cockroach (D:2)
  3 goblins
  7 hobgoblins
  13 jackals
  5 kobolds (D:1)
  A quokka (D:2)
  6 ball pythons
  A frilled lizard (D:2)
  4 rats
52 creatures vanquished.

Notes
Turn   | Place    | Note
-------+----------+-------------------------------------------
     0 | D:1      | Wobber the Demigod Wanderer began the quest for the Orb.
     0 | D:1      | Wobber set off with the following items: a +0 club, a
                  | scroll of teleportation, a +0 scale mail; and the following
                  | spells available to memorise: Shock, Freeze, Static
                  | Discharge, Swiftness, Frozen Ramparts.
     0 | D:1      | Reached XP level 1. HP: 14/14 MP: 7/7
    33 | D:1      | Learned a level 1 spell: Freeze
   127 | D:1      | Reached XP level 2. HP: 19/22 MP: 9/9
   958 | D:1      | Reached XP level 3. HP: 21/27 MP: 8/11
   984 | D:2      | Reached skill level 1 in Dodging
  1124 | D:2      | Reached skill level 1 in Fighting
  1681 | D:3      | Noticed Ijyb
  1688 | D:3      | Paralysed by Ijyb for 4 turns
  1715 | D:3      | Killed Ijyb
  1716 | D:3      | Reached XP level 4. HP: 12/35 MP: 0/12
  2041 | D:3      | Reached skill level 4 in Spellcasting
  2222 | D:3      | Noticed an ogre
  2233 | D:3      | Annihilated by an ogre

Illustrated notes

Levels and vault maps discovered:
D:1:      dpeg_arrival_leaves_temple_mockup, layout_loops_cross,
          hellmonk_ecumenical_altar_prayer_group
D:2:      layout_basic
D:3:      layout_basic, grunt_temple_overflow_open, lemuel_round_altar,
          uniq_crazy_yiuf_cottage, uniq_ijyb

Skill      XL: |  1  2  3  4 |
---------------+-------------+-----
Armour         | 2 |  2.4
Dodging        | 1 |  1.4
Fighting       | 1 |  1.3
Spellcasting   | 4 |  4.0
Ice Magic      | |  1.8
Air Magic      | |  2.7

Action                     |  1- 3 |  4- 6 || total
---------------------------+-------+-------++-------
  Melee: Club              |    23 |       ||    23
         Whip              |   133 |    16 ||   149
         Punch             |     3 |     1 ||     4
   Fire: Sling             |    14 |     6 ||    20
   Cast: Freeze            |    23 |     2 ||    25
 Armour: Scale mail        |   131 |       ||   131
         Leather armour    |       |     5 ||     5
  Dodge: Dodged            |   111 |    13 ||   124

Table legend: (Time is in decaauts)
 A = Elapsed time spent in this place.
 B = Non-inter-level travel time spent in this place.
 C = Inter-level travel time spent in this place.
 D = Time resting spent in this place.
 E = Time spent auto-exploring this place.
 F = Levels seen in this place.
 G = Mean time per level.
                   A        B        C        D        E       F      G
               +--------+--------+--------+--------+--------+-----+--------+
         Total |   2259 |   2209 |     50 |    161 |   1510 |   3 |  753.0 |
       Dungeon |   2259 |   2209 |     50 |    161 |   1510 |   3 |  753.0 |
               +--------+--------+--------+--------+--------+-----+--------+

Top non-repeatable levels by time:
     D:1: 980 daAuts
     D:2: 810 daAuts
     D:3: 468 daAuts
